 Dungeon Crawl Stone Soup version 0.31-a0-263-ge8cad7f256 (webtiles) character file.

Game seed: 17385427187308263050

86 qw the Shooter (level 4, 0/26 HPs)
             Began as a Gargoyle Hexslinger on July 13, 2023.
             Slain by a gnoll
             ... wielding a +0 flail
              (6 damage)
             ... on level 3 of the Dungeon.
             The game lasted 00:01:54 (1801 turns).

qw the Shooter (Gargoyle Hexslinger)                Turns: 1801, Time: 00:01:55

Health: 0/26       AC: 10    Str: 12    XL:     4   Next: 50%
Magic:  5/5        EV: 10    Int: 13    God:
Gold:   117        SH:  0    Dex: 14    Spells: 4/5 levels left

rFire   . . .        Y - +1 sling
rCold   . . .        (no shield)
rNeg    + . .        e - +0 ring mail
rPois   inf          j - +0 helmet
rElec   +            (no cloak)
rCorr   .            f - +0 pair of gloves
SInv    .            (no boots)
Will    .....        (no amulet)
Stlth   +            (no ring)
HPRegen 0.24/turn    (no ring)
MPRegen 0.09/turn

%: no passive effects
@: no status effects
A: sickness immunity, AC +3, negative energy resistance 1, electricity
resistance, torment resistance 1, petrification resistance
a: no special abilities


You were on level 3 of the Dungeon.
You visited 1 branch of the dungeon, and saw 3 of its levels.

You collected 117 gold pieces.


Innate Abilities, Weirdness & Mutations

You are immune to sickness and miasma.
Your stone body is resilient. (AC +3)
You are immune to poison.
You resist negative energy. (rN+)
You are resistant to electric shocks. (rElec)
You are resistant to unholy torment.
You are immune to petrification.


   Skills:
 - Level 2.3 Fighting
 + Level 3.9 Ranged Weapons
 - Level 1.0 Armour
 - Level 1.5 Dodging
 - Level 1.0 Spellcasting
 - Level 2.6 Hexes


You had 4 spell levels left.
You knew the following spells:

 Your Spells              Type           Power      Damage    Failure   Level
a - Slow                  Hex            28%        N/A       22%         1

Your spell library contained the following spells:

 Spells                   Type           Power      Damage    Failure   Level
 Inner Flame              Hex/Fire       4%         N/A       73%         3
 Portal Projectile        Hex/Tloc       8%         N/A       73%         3
 Cause Fear               Hex            3%         N/A       91%         4

Inventory:

Hand Weapons
 Y - a +1 sling (weapon)
Armour
 e - a +0 ring mail (worn)
 f - a +0 pair of gloves (worn)
 j - a +0 helmet (worn)
Scrolls
 a - a scroll of enchant armour {unknown}
 b - a scroll of blinking {unknown}
 c - a scroll of identify
 g - a scroll of noise {unknown}
Potions
 d - a potion of mutation {unknown}
 h - a potion of curing

Dungeon Overview and Level Annotations

Branches:
Dungeon (3/15)

Altars:
Qazlal

Shops:
D:2 (


Message History

Enter note:
Enter note:
Enter note:
Enter note:
Enter note: You shoot a sling bullet.
The sling bullet completely misses the gnoll.
You shoot a sling bullet.
The sling bullet barely misses the gnoll.
You shoot a sling bullet. The sling bullet hits the gnoll.
The gnoll is lightly wounded.
A gnoll comes into view. It is wielding a +0 flail.
You shoot a sling bullet. The gnoll shouts!
The sling bullet hits the gnoll.
The gnoll is moderately wounded.
The gnoll barely misses you.
You shoot a sling bullet. The sling bullet hits the gnoll.
The gnoll is heavily wounded.
The gnoll hits you with a +0 flail.
You shoot a sling bullet.
The sling bullet barely misses the gnoll.
The sling bullet hits the gnoll.
The gnoll is lightly wounded.
The gnoll hits you with a +0 flail.
You shoot a sling bullet.
The sling bullet barely misses the gnoll.
The sling bullet hits the gnoll.
The gnoll is moderately wounded.
The gnoll hits you with a +0 flail! The gnoll closely misses you.
You shoot a sling bullet. The sling bullet hits the gnoll.
The gnoll is almost dead.
The gnoll barely misses you.
You shoot a sling bullet. The sling bullet hits the gnoll.
The gnoll is almost dead.
The gnoll hits you with a +0 flail!
You shoot a sling bullet. The sling bullet hits the gnoll!
You kill the gnoll!
The gnoll hits you with a +0 flail.
You die...

########################
................@g......
########################
# # # ..... ####
###..... ...# #...[..
##.# #....#


You could see a gnoll.

Vanquished Creatures
  3 gnolls
  An adder (D:2)
  A worm (D:2)
  A dart slug (D:1)
  3 bats
  10 endoplasms
  A giant cockroach (D:1)
  7 goblins
  8 jackals (D:2)
  4 kobolds
  2 quokkas (D:1)
  A ball python (D:2)
  3 frilled lizards (D:1)
  A rat (D:1)
46 creatures vanquished.

Notes
Turn   | Place    | Note
-------+----------+-------------------------------------------
     0 | D:1      | qw the Gargoyle Hexslinger began the quest for the Orb.
     0 | D:1      | Reached XP level 1. HP: 12/12 MP: 2/2
     0 | D:1      | 0 ||| qw: Version: 0.3-a-52-g30416fa
     0 | D:1      | 0 ||| qw: Game counter: 7436
     0 | D:1      | 0 ||| qw: Melee chars always use a shield: true
     0 | D:1      | 0 ||| qw: God list: Okawaru
     0 | D:1      | 0 ||| qw: Allow faded altars: false
     0 | D:1      | 0 ||| qw: Do Orc after clearing Dungeon:15 true
     0 | D:1      | 0 ||| qw: Do second Lair branch before Depths: true
     0 | D:1      | 0 ||| qw: Lair rune preference: random
     0 | D:1      | 0 ||| qw: Goals: Normal
     0 | D:1      | 0 ||| PLANNING D:1-11
   152 | D:1      | Reached XP level 2. HP: 16/16 MP: 3/3
   221 | D:1      | Reached skill level 3 in Ranged Weapons
   371 | D:1      | Reached XP level 3. HP: 21/21 MP: 4/4
   821 | D:1      | 821 ||| UPGRADING to +0 ring mail.
   831 | D:1      | 831 ||| DROPPING +0 robe.
   832 | D:1      | 832 ||| UPGRADING to +0 pair of gloves.
   837 | D:1      | 837 ||| UPGRADING to +0 helmet.
   842 | D:1      | 842 ||| READING scroll labelled UPHA IKHIATOHU.
   843 | D:1      | 843 ||| READING scroll labelled FUFIG IKERCHE.
   844 | D:1      | 844 ||| READING scroll labelled KACYIL HAXKANK.
   845 | D:1      | 845 ||| READING 3 scrolls labelled ODO APTIWNUS.
   846 | D:1      | 846 ||| READING scroll labelled WIPURE BYSITTI.
   847 | D:1      | 847 ||| DROPPING scroll of poison.
   848 | D:1      | 848 ||| DROPPING 2 scrolls of revelation.
   880 | D:2      | Found Curphier's Antique Weapon Emporium.
   888 | D:2      | 888 ||| SHOPLISTING runed orcbow (130 gold, have 72).
   945 | D:2      | Reached skill level 1 in Armour
   947 | D:2      | 947 ||| FLEEEEING.
  1038 | D:2      | Reached XP level 4. HP: 26/26 MP: 5/5
  1110 | D:2      | You fall into a shaft and drop 1 floor!
  1125 | D:3      | 1125 ||| DROPPING +0 leather armour of poison resistance.
  1126 | D:3      | 1126 ||| READING scroll labelled ISOFOT CEOMA.
  1129 | D:3      | 1129 ||| DRINKING 2 grey potions.
  1130 | D:3      | 1130 ||| Stepping randomly (stuck).
  1131 | D:3      | 1131 ||| Stepping randomly (stuck).
  1132 | D:3      | 1132 ||| Stepping randomly (stuck).
  1133 | D:3      | 1133 ||| Stepping randomly (stuck).
  1134 | D:3      | 1134 ||| Stepping randomly (stuck).
  1135 | D:3      | 1135 ||| Stepping randomly (stuck).
  1136 | D:3      | 1136 ||| Stepping randomly (stuck).
  1137 | D:3      | 1137 ||| Stepping randomly (stuck).
  1138 | D:3      | 1138 ||| Stepping randomly (stuck).
  1139 | D:3      | 1139 ||| Stepping randomly (stuck).
  1140 | D:3      | 1140 ||| Stepping randomly (stuck).
  1141 | D:3      | 1141 ||| Stepping randomly (stuck).
  1142 | D:3      | 1142 ||| Stepping randomly (stuck).
  1143 | D:3      | 1143 ||| Stepping randomly (stuck).
  1144 | D:3      | 1144 ||| Stepping randomly (stuck).
  1145 | D:3      | 1145 ||| Stepping randomly (stuck).
  1146 | D:3      | 1146 ||| Stepping randomly (stuck).
  1147 | D:3      | 1147 ||| Stepping randomly (stuck).
  1148 | D:3      | 1148 ||| Stepping randomly (stuck).
  1149 | D:3      | 1149 ||| Stepping randomly (stuck).
  1150 | D:3      | 1150 ||| Stepping randomly (stuck).
  1151 | D:3      | 1151 ||| Stepping randomly (stuck).
  1152 | D:3      | 1152 ||| Stepping randomly (stuck).
  1153 | D:3      | 1153 ||| Stepping randomly (stuck).
  1154 | D:3      | 1154 ||| Stepping randomly (stuck).
  1155 | D:3      | 1155 ||| Stepping randomly (stuck).
  1156 | D:3      | 1156 ||| Stepping randomly (stuck).
  1157 | D:3      | 1157 ||| Stepping randomly (stuck).
  1158 | D:3      | 1158 ||| Stepping randomly (stuck).
  1159 | D:3      | 1159 ||| Stepping randomly (stuck).
  1160 | D:3      | 1160 ||| Stepping randomly (stuck).
  1161 | D:3      | 1161 ||| Stepping randomly (stuck).
  1162 | D:3      | 1162 ||| Stepping randomly (stuck).
  1163 | D:3      | 1163 ||| Stepping randomly (stuck).
  1164 | D:3      | 1164 ||| Stepping randomly (stuck).
  1165 | D:3      | 1165 ||| Stepping randomly (stuck).
  1166 | D:3      | 1166 ||| Stepping randomly (stuck).
  1167 | D:3      | 1167 ||| Stepping randomly (stuck).
  1168 | D:3      | 1168 ||| Stepping randomly (stuck).
  1169 | D:3      | 1169 ||| Stepping randomly (stuck).
  1170 | D:3      | 1170 ||| Stepping randomly (stuck).
  1171 | D:3      | 1171 ||| Stepping randomly (stuck).
  1172 | D:3      | 1172 ||| Stepping randomly (stuck).
  1173 | D:3      | 1173 ||| Stepping randomly (stuck).
  1174 | D:3      | 1174 ||| Stepping randomly (stuck).
  1175 | D:3      | 1175 ||| Stepping randomly (stuck).
  1176 | D:3      | 1176 ||| Stepping randomly (stuck).
  1177 | D:3      | 1177 ||| Stepping randomly (stuck).
  1178 | D:3      | 1178 ||| Stepping randomly (stuck).
  1179 | D:3      | 1179 ||| Stepping randomly (stuck).
  1180 | D:3      | 1180 ||| Stepping randomly (stuck).
  1181 | D:3      | 1181 ||| Stepping randomly (stuck).
  1182 | D:3      | 1182 ||| Stepping randomly (stuck).
  1183 | D:3      | 1183 ||| Stepping randomly (stuck).
  1184 | D:3      | 1184 ||| Stepping randomly (stuck).
  1185 | D:3      | 1185 ||| Stepping randomly (stuck).
  1186 | D:3      | 1186 ||| Stepping randomly (stuck).
  1187 | D:3      | 1187 ||| Stepping randomly (stuck).
  1188 | D:3      | 1188 ||| Stepping randomly (stuck).
  1189 | D:3      | 1189 ||| Stepping randomly (stuck).
  1190 | D:3      | 1190 ||| Stepping randomly (stuck).
  1191 | D:3      | 1191 ||| Stepping randomly (stuck).
  1192 | D:3      | 1192 ||| Stepping randomly (stuck).
  1193 | D:3      | 1193 ||| Stepping randomly (stuck).
  1194 | D:3      | 1194 ||| Stepping randomly (stuck).
  1195 | D:3      | 1195 ||| Stepping randomly (stuck).
  1196 | D:3      | 1196 ||| Stepping randomly (stuck).
  1197 | D:3      | 1197 ||| Stepping randomly (stuck).
  1198 | D:3      | 1198 ||| Stepping randomly (stuck).
  1199 | D:3      | 1199 ||| Stepping randomly (stuck).
  1200 | D:3      | 1200 ||| Stepping randomly (stuck).
  1201 | D:3      | 1201 ||| Stepping randomly (stuck).
  1202 | D:3      | 1202 ||| Stepping randomly (stuck).
  1203 | D:3      | 1203 ||| Stepping randomly (stuck).
  1204 | D:3      | 1204 ||| Stepping randomly (stuck).
  1205 | D:3      | 1205 ||| Stepping randomly (stuck).
  1206 | D:3      | 1206 ||| Stepping randomly (stuck).
  1207 | D:3      | 1207 ||| Stepping randomly (stuck).
  1208 | D:3      | 1208 ||| Stepping randomly (stuck).
  1209 | D:3      | 1209 ||| Stepping randomly (stuck).
  1210 | D:3      | 1210 ||| Stepping randomly (stuck).
  1211 | D:3      | 1211 ||| Stepping randomly (stuck).
  1212 | D:3      | 1212 ||| Stepping randomly (stuck).
  1213 | D:3      | 1213 ||| Stepping randomly (stuck).
  1214 | D:3      | 1214 ||| Stepping randomly (stuck).
  1215 | D:3      | 1215 ||| Stepping randomly (stuck).
  1216 | D:3      | 1216 ||| Stepping randomly (stuck).
  1217 | D:3      | 1217 ||| Stepping randomly (stuck).
  1218 | D:3      | 1218 ||| Stepping randomly (stuck).
  1219 | D:3      | 1219 ||| Stepping randomly (stuck).
  1220 | D:3      | 1220 ||| Stepping randomly (stuck).
  1221 | D:3      | 1221 ||| Stepping randomly (stuck).
  1222 | D:3      | 1222 ||| Stepping randomly (stuck).
  1223 | D:3      | 1223 ||| Stepping randomly (stuck).
  1224 | D:3      | 1224 ||| Stepping randomly (stuck).
  1225 | D:3      | 1225 ||| Stepping randomly (stuck).
  1226 | D:3      | 1226 ||| Stepping randomly (stuck).
  1227 | D:3      | 1227 ||| Stepping randomly (stuck).
  1228 | D:3      | 1228 ||| Stepping randomly (stuck).
  1229 | D:3      | 1229 ||| Stepping randomly (stuck).
  1230 | D:3      | 1230 ||| Stepping randomly (stuck).
  1231 | D:3      | 1231 ||| Stepping randomly (stuck).
  1232 | D:3      | 1232 ||| Stepping randomly (stuck).
  1233 | D:3      | 1233 ||| Stepping randomly (stuck).
  1234 | D:3      | 1234 ||| Stepping randomly (stuck).
  1235 | D:3      | 1235 ||| Stepping randomly (stuck).
  1236 | D:3      | 1236 ||| Stepping randomly (stuck).
  1237 | D:3      | 1237 ||| Stepping randomly (stuck).
  1238 | D:3      | 1238 ||| Stepping randomly (stuck).
  1239 | D:3      | 1239 ||| Stepping randomly (stuck).
  1240 | D:3      | 1240 ||| Stepping randomly (stuck).
  1241 | D:3      | 1241 ||| Stepping randomly (stuck).
  1242 | D:3      | 1242 ||| Stepping randomly (stuck).
  1243 | D:3      | 1243 ||| Stepping randomly (stuck).
  1244 | D:3      | 1244 ||| Stepping randomly (stuck).
  1245 | D:3      | 1245 ||| Stepping randomly (stuck).
  1246 | D:3      | 1246 ||| Stepping randomly (stuck).
  1247 | D:3      | 1247 ||| Stepping randomly (stuck).
  1248 | D:3      | 1248 ||| Stepping randomly (stuck).
  1249 | D:3      | 1249 ||| Stepping randomly (stuck).
  1250 | D:3      | 1250 ||| Stepping randomly (stuck).
  1251 | D:3      | 1251 ||| Stepping randomly (stuck).
  1252 | D:3      | 1252 ||| Stepping randomly (stuck).
  1253 | D:3      | 1253 ||| Stepping randomly (stuck).
  1254 | D:3      | 1254 ||| Stepping randomly (stuck).
  1255 | D:3      | 1255 ||| Stepping randomly (stuck).
  1256 | D:3      | 1256 ||| Stepping randomly (stuck).
  1257 | D:3      | 1257 ||| Stepping randomly (stuck).
  1258 | D:3      | 1258 ||| Stepping randomly (stuck).
  1259 | D:3      | 1259 ||| Stepping randomly (stuck).
  1260 | D:3      | 1260 ||| Stepping randomly (stuck).
  1261 | D:3      | 1261 ||| Stepping randomly (stuck).
  1262 | D:3      | 1262 ||| Stepping randomly (stuck).
  1263 | D:3      | 1263 ||| Stepping randomly (stuck).
  1264 | D:3      | 1264 ||| Stepping randomly (stuck).
  1265 | D:3      | 1265 ||| Stepping randomly (stuck).
  1266 | D:3      | 1266 ||| Stepping randomly (stuck).
  1267 | D:3      | 1267 ||| Stepping randomly (stuck).
  1268 | D:3      | 1268 ||| Stepping randomly (stuck).
  1269 | D:3      | 1269 ||| Stepping randomly (stuck).
  1270 | D:3      | 1270 ||| Stepping randomly (stuck).
  1271 | D:3      | 1271 ||| Stepping randomly (stuck).
  1272 | D:3      | 1272 ||| Stepping randomly (stuck).
  1273 | D:3      | 1273 ||| Stepping randomly (stuck).
  1274 | D:3      | 1274 ||| Stepping randomly (stuck).
  1275 | D:3      | 1275 ||| Stepping randomly (stuck).
  1276 | D:3      | 1276 ||| Stepping randomly (stuck).
  1277 | D:3      | 1277 ||| Stepping randomly (stuck).
  1278 | D:3      | 1278 ||| Stepping randomly (stuck).
  1279 | D:3      | 1279 ||| Stepping randomly (stuck).
  1280 | D:3      | 1280 ||| Stepping randomly (stuck).
  1281 | D:3      | 1281 ||| Stepping randomly (stuck).
  1282 | D:3      | 1282 ||| Stepping randomly (stuck).
  1283 | D:3      | 1283 ||| Stepping randomly (stuck).
  1284 | D:3      | 1284 ||| Stepping randomly (stuck).
  1285 | D:3      | 1285 ||| Stepping randomly (stuck).
  1286 | D:3      | 1286 ||| Stepping randomly (stuck).
  1287 | D:3      | 1287 ||| Stepping randomly (stuck).
  1288 | D:3      | 1288 ||| Stepping randomly (stuck).
  1289 | D:3      | 1289 ||| Stepping randomly (stuck).
  1290 | D:3      | 1290 ||| Stepping randomly (stuck).
  1291 | D:3      | 1291 ||| Stepping randomly (stuck).
  1292 | D:3      | 1292 ||| Stepping randomly (stuck).
  1293 | D:3      | 1293 ||| Stepping randomly (stuck).
  1294 | D:3      | 1294 ||| Stepping randomly (stuck).
  1295 | D:3      | 1295 ||| Stepping randomly (stuck).
  1296 | D:3      | 1296 ||| Stepping randomly (stuck).
  1297 | D:3      | 1297 ||| Stepping randomly (stuck).
  1298 | D:3      | 1298 ||| Stepping randomly (stuck).
  1299 | D:3      | 1299 ||| Stepping randomly (stuck).
  1300 | D:3      | 1300 ||| Stepping randomly (stuck).
  1301 | D:3      | 1301 ||| Stepping randomly (stuck).
  1302 | D:3      | 1302 ||| Stepping randomly (stuck).
  1303 | D:3      | 1303 ||| Stepping randomly (stuck).
  1304 | D:3      | 1304 ||| Stepping randomly (stuck).
  1305 | D:3      | 1305 ||| Stepping randomly (stuck).
  1306 | D:3      | 1306 ||| Stepping randomly (stuck).
  1307 | D:3      | 1307 ||| Stepping randomly (stuck).
  1308 | D:3      | 1308 ||| Stepping randomly (stuck).
  1309 | D:3      | 1309 ||| Stepping randomly (stuck).
  1310 | D:3      | 1310 ||| Stepping randomly (stuck).
  1311 | D:3      | 1311 ||| Stepping randomly (stuck).
  1312 | D:3      | 1312 ||| Stepping randomly (stuck).
  1313 | D:3      | 1313 ||| Stepping randomly (stuck).
  1314 | D:3      | 1314 ||| Stepping randomly (stuck).
  1315 | D:3      | 1315 ||| Stepping randomly (stuck).
  1316 | D:3      | 1316 ||| Stepping randomly (stuck).
  1317 | D:3      | 1317 ||| Stepping randomly (stuck).
  1318 | D:3      | 1318 ||| Stepping randomly (stuck).
  1319 | D:3      | 1319 ||| Stepping randomly (stuck).
  1320 | D:3      | 1320 ||| Stepping randomly (stuck).
  1321 | D:3      | 1321 ||| Stepping randomly (stuck).
  1322 | D:3      | 1322 ||| Stepping randomly (stuck).
  1323 | D:3      | 1323 ||| Stepping randomly (stuck).
  1324 | D:3      | 1324 ||| Stepping randomly (stuck).
  1325 | D:3      | 1325 ||| Stepping randomly (stuck).
  1326 | D:3      | 1326 ||| Stepping randomly (stuck).
  1327 | D:3      | 1327 ||| Stepping randomly (stuck).
  1328 | D:3      | 1328 ||| Stepping randomly (stuck).
  1329 | D:3      | 1329 ||| Stepping randomly (stuck).
  1330 | D:3      | 1330 ||| Stepping randomly (stuck).
  1331 | D:3      | 1331 ||| Stepping randomly (stuck).
  1332 | D:3      | 1332 ||| Stepping randomly (stuck).
  1333 | D:3      | 1333 ||| Stepping randomly (stuck).
  1334 | D:3      | 1334 ||| Stepping randomly (stuck).
  1335 | D:3      | 1335 ||| Stepping randomly (stuck).
  1336 | D:3      | 1336 ||| Stepping randomly (stuck).
  1337 | D:3      | 1337 ||| Stepping randomly (stuck).
  1338 | D:3      | 1338 ||| Stepping randomly (stuck).
  1339 | D:3      | 1339 ||| Stepping randomly (stuck).
  1340 | D:3      | 1340 ||| Stepping randomly (stuck).
  1341 | D:3      | 1341 ||| Stepping randomly (stuck).
  1342 | D:3      | 1342 ||| Stepping randomly (stuck).
  1343 | D:3      | 1343 ||| Stepping randomly (stuck).
  1344 | D:3      | 1344 ||| Stepping randomly (stuck).
  1345 | D:3      | 1345 ||| Stepping randomly (stuck).
  1346 | D:3      | 1346 ||| Stepping randomly (stuck).
  1347 | D:3      | 1347 ||| Stepping randomly (stuck).
  1348 | D:3      | 1348 ||| Stepping randomly (stuck).
  1349 | D:3      | 1349 ||| Stepping randomly (stuck).
  1350 | D:3      | 1350 ||| Stepping randomly (stuck).
  1351 | D:3      | 1351 ||| Stepping randomly (stuck).
  1352 | D:3      | 1352 ||| Stepping randomly (stuck).
  1353 | D:3      | 1353 ||| Stepping randomly (stuck).
  1354 | D:3      | 1354 ||| Stepping randomly (stuck).
  1355 | D:3      | 1355 ||| Stepping randomly (stuck).
  1356 | D:3      | 1356 ||| Stepping randomly (stuck).
  1357 | D:3      | 1357 ||| Stepping randomly (stuck).
  1358 | D:3      | 1358 ||| Stepping randomly (stuck).
  1359 | D:3      | 1359 ||| Stepping randomly (stuck).
  1360 | D:3      | 1360 ||| Stepping randomly (stuck).
  1361 | D:3      | 1361 ||| Stepping randomly (stuck).
  1362 | D:3      | 1362 ||| Stepping randomly (stuck).
  1363 | D:3      | 1363 ||| Stepping randomly (stuck).
  1364 | D:3      | 1364 ||| Stepping randomly (stuck).
  1365 | D:3      | 1365 ||| Stepping randomly (stuck).
  1366 | D:3      | 1366 ||| Stepping randomly (stuck).
  1367 | D:3      | 1367 ||| Stepping randomly (stuck).
  1368 | D:3      | 1368 ||| Stepping randomly (stuck).
  1369 | D:3      | 1369 ||| Stepping randomly (stuck).
  1370 | D:3      | 1370 ||| Stepping randomly (stuck).
  1371 | D:3      | 1371 ||| Stepping randomly (stuck).
  1372 | D:3      | 1372 ||| Stepping randomly (stuck).
  1373 | D:3      | 1373 ||| Stepping randomly (stuck).
  1374 | D:3      | 1374 ||| Stepping randomly (stuck).
  1375 | D:3      | 1375 ||| Stepping randomly (stuck).
  1376 | D:3      | 1376 ||| Stepping randomly (stuck).
  1377 | D:3      | 1377 ||| Stepping randomly (stuck).
  1378 | D:3      | 1378 ||| Stepping randomly (stuck).
  1379 | D:3      | 1379 ||| Stepping randomly (stuck).
  1380 | D:3      | 1380 ||| Stepping randomly (stuck).
  1381 | D:3      | 1381 ||| Stepping randomly (stuck).
  1382 | D:3      | 1382 ||| Stepping randomly (stuck).
  1383 | D:3      | 1383 ||| Stepping randomly (stuck).
  1384 | D:3      | 1384 ||| Stepping randomly (stuck).
  1385 | D:3      | 1385 ||| Stepping randomly (stuck).
  1386 | D:3      | 1386 ||| Stepping randomly (stuck).
  1387 | D:3      | 1387 ||| Stepping randomly (stuck).
  1388 | D:3      | 1388 ||| Stepping randomly (stuck).
  1389 | D:3      | 1389 ||| Stepping randomly (stuck).
  1390 | D:3      | 1390 ||| Stepping randomly (stuck).
  1391 | D:3      | 1391 ||| Stepping randomly (stuck).
  1392 | D:3      | 1392 ||| Stepping randomly (stuck).
  1393 | D:3      | 1393 ||| Stepping randomly (stuck).
  1394 | D:3      | 1394 ||| Stepping randomly (stuck).
  1395 | D:3      | 1395 ||| Stepping randomly (stuck).
  1396 | D:3      | 1396 ||| Stepping randomly (stuck).
  1397 | D:3      | 1397 ||| Stepping randomly (stuck).
  1398 | D:3      | 1398 ||| Stepping randomly (stuck).
  1399 | D:3      | 1399 ||| Stepping randomly (stuck).
  1400 | D:3      | 1400 ||| Stepping randomly (stuck).
  1401 | D:3      | 1401 ||| Stepping randomly (stuck).
  1402 | D:3      | 1402 ||| Stepping randomly (stuck).
  1403 | D:3      | 1403 ||| Stepping randomly (stuck).
  1404 | D:3      | 1404 ||| Stepping randomly (stuck).
  1702 | D:3      | Found a stormy altar of Qazlal.
  1800 | D:3      | HP: 6/26 [gnoll/+0 flail (7)]
  1801 | D:3      | Slain by a gnoll

Levels and vault maps discovered:
D:1:      ncdulo_smallfort, layout_basic
D:2:      layout_loops_ring, serial_shops, shop
D:3:      layout_basic, nicolae_qazlal_general_emergency,
          lemuel_coloured_pillars_altar

Skill      XL: |  1  2  3 |
---------------+----------+-----
Ranged Weapons | 3 |  3.9
Fighting       | 2 |  2.3
Armour         | 1 |  1.0
Dodging        | |  1.5
Spellcasting   | |  1.0
Hexes          | |  2.6

Action                     |  1- 3 |  4- 6 || total
---------------------------+-------+-------++-------
   Fire: Sling             |    89 |    42 ||   131
    Use: Scroll            |     5 |     1 ||     6
         Potion            |       |     1 ||     1
 Armour: Robe              |     7 |       ||     7
         Ring mail         |    17 |    10 ||    27
  Dodge: Dodged            |    36 |    15 ||    51

Table legend:
 A = Non-vault XP
 B = Vault XP
 C = Vault XP percentage of total XP
 D = Non-vault monster count
 E = Vault monster count
 F = Vault count percentage of total count
                 A         B        C        D         E       F
            +---------+---------+-------+---------+---------+-------
      Total |     139 |       0 |   0.0 |      46 |       0 |   0.0
            +---------+---------+-------+---------+---------+-------
        D:1 |      52 |       0 |   0.0 |      22 |       0 |   0.0
        D:2 |      41 |       0 |   0.0 |      14 |       0 |   0.0
        D:3 |      46 |       0 |   0.0 |      10 |       0 |   0.0
            +---------+---------+-------+---------+---------+-------
